 Dungeon Crawl Stone Soup version 0.31-a0-986-g5e6e4ef867 (webtiles) character file.

Game seed: 11373189910293758247

178 clenchingflame the Cudgeller (level 5, -15/34 HPs)
             Began as a Gargoyle Fighter on Nov 16, 2023.
             Was a Follower of Wu Jian.
             Shot with a sling bullet by Joseph (16 damage)
             ... on level 7 of the Dungeon.
             The game lasted 00:11:11 (2125 turns).

clenchingflame the Cudgeller (Gargoyle Fighter)     Turns: 2125, Time: 00:11:12

Health: -15/34     AC:  7    Str: 22    XL:     5   Next: 58%
Magic:  5/5        EV: 17    Int:  8    God:    Wu Jian [*.....]
Gold:   148        SH:  0    Dex:  9    Spells: 4/4 levels left

rFire   + + .        r - melded +0 morningstar
rCold   + + .        c - melded +0 buckler
rNeg    + + +        s - melded +7 ring mail of Fiuqah {+Inv rN++ Dex-2}
rPois   ∞            b - melded +0 helmet
rElec   +            q - melded scarf {rC+ rF+}
rCorr   +            (gloves currently unavailable)
SInv    .            (boots currently unavailable)
Will    .....        (amulet currently unavailable)
Stlth   +            t - melded ring of resist corrosion
HPRegen 0.25/turn    (ring currently unavailable)
MPRegen 0.09/turn

%: no passive effects
@: mighty, wisp-form, flying
A: insubstantial, flying, no casting, sickness immunity, AC +4, tiny, negative
energy resistance 1, (electricity resistance), torment resistance 1,
petrification resistance
a: Renounce Religion


You were on level 7 of the Dungeon.
You worshipped Wu Jian.
Wu Jian was aware of your devotion.
You were an insubstantial wisp.
You visited 1 branch of the dungeon, and saw 5 of its levels.

You collected 148 gold pieces.

Inventory:

Hand Weapons
 r - a +0 morningstar (melded)
Missiles
 k - 6 boomerangs
 l - 34 stones (quivered)
Armour
 b - a +0 helmet (melded)
 c - a +0 buckler (melded)
 q - a scarf of resistance (melded)
 s - the +7 ring mail of Fiuqah (melded) {+Inv rN++ Dex-2}
   (You found it on level 3 of the Dungeon)

   Dex-2:     It affects your dexterity (-2).
   rN++:      It greatly protects you from negative energy.
   +Inv:      It lets you turn invisible.
Jewellery
 t - a ring of resist corrosion (melded)
Talismans
 u - a maw talisman
 v - a serpent talisman
Scrolls
 e - 2 scrolls of fear {unknown}
 f - a scroll of summoning {unknown}
 g - 4 scrolls of poison {unknown}
 h - a scroll of immolation {unknown}
 i - a scroll of fog {unknown}
 j - 4 scrolls of identify {unknown}
 n - a scroll of noise {unknown}
 o - a scroll of amnesia {unknown}
Potions
 a - a potion of degeneration {unknown}
 m - a potion of lignification {unknown}
 p - a potion of haste {unknown}
 w - a potion of resistance {unknown}
 x - a potion of berserk rage {unknown}


   Skills:
 + Level 4.4 Fighting
 * Level 4.4 Maces & Flails
 - Level 3.2 Armour
 - Level 4.0 Shields


You had 4 spell levels left.
You didn't know any spells.
Your spell library contained the following spells:

 Spells                   Type           Power      Damage    Failure   Level
 Shock                    Conj/Air       0%         1d3       41%         1
 Swiftness                Air            0%         N/A       78%         3
 Airstrike                Air            0%         2d(0-16)  99%         4


Dungeon Overview and Level Annotations

Branches:
Dungeon (7/15)
 Temple: D:4-7

Altars:
Dithmenos
Wu Jian

Shops:
D:3 (

Annotations:
D:7 Joseph


Innate Abilities, Weirdness & Mutations

You are an insubstantial wisp.
Your tiny insubstantial body is highly resistant to most damage types.
You are flying.
Your equipment is entirely melded.
You are incapable of wielding weapons or throwing items.
You cannot cast spells.
You are immune to sickness and miasma.
((Your stone body is resilient. (AC +4)))
You are immune to poison.
You resist negative energy. (rN+)
((You are resistant to electric shocks. (rElec)))
You are resistant to unholy torment.
You are immune to petrification.


Message History

You see here a ring of poison resistance.
x - a smoky clear potion You now have 137 gold pieces (gained 9).
You now have 148 gold pieces (gained 11).
HP restored.
Joseph, a Mercenary comes into view.
He is wielding a +0 quarterstaff and carrying a wand of polymorph.
Joseph shouts!
Joseph unwields a +0 quarterstaff.
Joseph wields a +0 sling.
Joseph shoots a sling bullet.
The sling bullet hits you!
You feel very mighty all of a sudden.
Joseph shoots a sling bullet.
The sling bullet closely misses you.
Joseph zaps a wand.
You resist with some effort.
You closely miss Joseph.
Joseph zaps a wand.
You turn into an insubstantial wisp.
Your +0 morningstar melds into your body.
Your scarf of resistance melds into your body.
Your +0 helmet melds into your body.
Your +0 buckler melds into your body.
The +7 ring mail of Fiuqah {+Inv rN++ Dex-2} melds into your body.
Your ring of resist corrosion melds into your body.
You feel hot and cold all over.
Unknown command.
You barely miss Joseph.
Joseph unwields a +0 sling.
Joseph wields a +0 quarterstaff.
Joseph hits you with a +0 quarterstaff.
You touch Joseph!
Joseph is lightly wounded.
Joseph hits you with a +0 quarterstaff.
You touch Joseph!
Joseph is moderately wounded.
Joseph hits you but does no damage.
You completely miss Joseph.
Joseph is moderately wounded.
Joseph hits you with a +0 quarterstaff!
* * * LOW HITPOINT WARNING * * *
You touch Joseph!
Joseph is moderately wounded.
Joseph hits you with a +0 quarterstaff.
* * * LOW HITPOINT WARNING * * *
Joseph unwields a +0 quarterstaff.
Joseph wields a +0 sling.
Joseph shoots a sling bullet.
The sling bullet hits you!
You die...

####### #.....#
#.....# #.....#
#.....# #..@..#
####.####
#..v....#
#.##.##.#
###.##.# #
#......# #
#...#### .#
##..#####.###
#..##...........
#..........###
#####.##...#


You could see Joseph.

Vanquished Creatures
  A howler monkey (D:2)
  2 sleepcaps
  3 adders
  A worm (D:2)
  4 dart slugs
  5 ball pythons
  5 endoplasms
  A giant cockroach (D:1)
  2 goblins (D:2)
  9 hobgoblins
  A quokka (D:1)
  5 bats
  A frilled lizard (D:1)
  4 kobolds
  7 rats
51 creatures vanquished.

Notes
Turn   | Place    | Note
-------+----------+-------------------------------------------
     0 | D:1      | clenchingflame the Gargoyle Fighter began the quest for the
                  | Orb.
     0 | D:1      | Reached XP level 1. HP: 14/14 MP: 1/1
   156 | D:1      | Reached XP level 2. HP: 17/19 MP: 2/2
   286 | D:1      | Reached XP level 3. HP: 22/23 MP: 3/3
   621 | D:2      | Found a faded altar of an unknown god.
   627 | D:2      | Prayed at the altar of an unknown god.
   627 | D:2      | Became a worshipper of the Wu Jian Council
   627 | D:2      | Reached * piety under Wu Jian
  1578 | D:2      | Reached XP level 4. HP: 13/29 MP: 4/4
  1678 | D:3      | Found Xany's Antique Weapon Emporium.
  1714 | D:3      | Identified the +7 ring mail of Fiuqah {+Inv rN++ Dex-2}
  1732 | D:3      | Reached XP level 5. HP: 26/33 MP: 5/5
  1989 | D:3      | Found a shadowy altar of Dithmenos.
  2024 | D:3      | You fall into a shaft and drop 3 floors!
  2114 | D:7      | Noticed Joseph
  2124 | D:7      | HP: 1/34 [Joseph/+0 quarterstaff (4)]
  2125 | D:7      | Shot with a sling bullet by Joseph

Illustrated notes

Levels and vault maps discovered:
D:1:      dpeg_arrival_refuge, layout_rooms, item_on_display_a
D:2:      layout_basic, serial_forest, infiniplex_forest_lined_1,
          infiniplex_forest_join, infiniplex_forest_straight_4,
          infiniplex_forest_end_1, infiniplex_forest_zigzag_1,
          infiniplex_forest_clump_large, dreamdust_ecumenical_altar_statues
D:3:      layout_basic, lemuel_doored_altar, nzn_hepliaklqana_mist_gate,
          serial_shops, shop_statue, feat_on_display
D:6:      layout_gridville, dk_xom_monty_hall, nicolae_ashenzari_skybound,
          minmay_temple_entry_ruins, bh_walls_and_bars
D:7:      layout_loops_cross, nicolae_ru_the_path_less_chosen,
          kennysheep_generic_room_16, uniq_duvessa, uniq_joseph,
          uniq_prince_ribbit1

Skill      XL: |  1  2  3  4 |
---------------+-------------+-----
Maces & Flails | 3 4 |  4.4
Fighting       | 4 |  4.4
Shields        | 4 |  4.0
Armour         | |  3.2

Action                     |  1- 3 |  4- 6 || total
---------------------------+-------+-------++-------
  Melee: Flail             |   115 |       ||   115
         Morningstar       |    16 |    81 ||    97
         Unarmed           |       |     5 ||     5
  Throw: Stone             |     6 |     2 ||     8
Ability: Lunge             |     3 |     2 ||     5
         Whirlwind         |     1 |       ||     1
    Use: Potion            |       |     1 ||     1
 Armour: Scale mail        |   101 |     9 ||   110
         Ring mail         |       |    55 ||    55
         Skin              |       |     6 ||     6
  Dodge: Dodged            |    83 |    39 ||   122
  Block: Buckler           |    31 |     7 ||    38

Table legend: (Time is in decaauts)
 A = Elapsed time spent in this place.
 B = Non-inter-level travel time spent in this place.
 C = Inter-level travel time spent in this place.
 D = Time resting spent in this place.
 E = Time spent auto-exploring this place.
 F = Levels seen in this place.
 G = Mean time per level.
                   A        B        C        D        E       F      G
               +--------+--------+--------+--------+--------+-----+--------+
         Total |   2189 |   2082 |    107 |    161 |   1254 |   5 |  437.8 |
       Dungeon |   2189 |   2082 |    107 |    161 |   1254 |   5 |  437.8 |
               +--------+--------+--------+--------+--------+-----+--------+

Top non-repeatable levels by time:
     D:2: 1148 daAuts
     D:1: 531 daAuts
     D:3: 406 daAuts
     D:7: 53 daAuts
     D:6: 49 daAuts
